 Dungeon Crawl Stone Soup version 0.27-a0-333-gfa571bf19a (webtiles) character file.

Game seed: 17681988178254011401

37 dickylongcocking the Vexing (level 3, -2/26 HPs)
             Began as a Human Arcane Marksman on Feb 13, 2021.
             Slain by an ice beast (8 damage)
             ... on level 5 of the Dungeon.
             The game lasted 00:01:32 (1597 turns).

dickylongcocking the Vexing (Human Arcane Marksman) Turns: 1597, Time: 00:01:33

Health: -2/26      AC:  2    Str: 11    XL:     3   Next: 62%
Magic:  4/4        EV: 12    Int: 13    God:
Gold:   110        SH:  0    Dex: 13    Spells: 3/4 levels left

rFire    . . .     SeeInvis .   f - +2 dagger (drain)
rCold    . . .     Faith    .   (no shield)
rNeg     . . .     Spirit   .   e - +0 robe
rPois    .         Reflect  .   (no helmet)
rElec    .         Harm     .   (no cloak)
rCorr    .         Rampage  .   (no gloves)
Will     +....                  (no boots)
Stlth    +.........             (no amulet)
HPRegen  0.08/turn              h - ring of willpower
MPRegen  0.09/turn              (no ring)

@: no status effects
A: no striking features
a: no special abilities


You were on level 5 of the Dungeon.
You visited 1 branch of the dungeon, and saw 4 of its levels.

You collected 110 gold pieces.

Inventory:

Hand Weapons
 a - a +0 hand crossbow
 f - a +2 dagger of draining (weapon)
Missiles
 d - 11 bolts
Armour
 e - a +0 robe (worn)
Jewellery
 h - a ring of willpower (left hand)
 l - a +4 ring of evasion {unknown}
Wands
 g - a wand of iceblast (9)
Scrolls
 b - a scroll of teleportation {unknown}
 c - 2 scrolls of amnesia
 j - a scroll of fear {unknown}
 k - a scroll of identify {unknown}


   Skills:
 - Level 1.1 Fighting
 * Level 3.2 Crossbows
 - Level 2.0 Dodging
 - Level 1.0 Spellcasting
 - Level 3.4 Hexes


You had 3 spell levels left.
You knew the following spells:

 Your Spells              Type           Power        Failure   Level
a - Corona                Hex            10%          7%          1

Your spell library contained the following spells:

 Spells                   Type           Power        Failure   Level
 Slow                     Hex            9%           11%         2
 Inner Flame              Hex/Fire       5%           38%         3
 Portal Projectile        Hex/Tloc       10%          38%         3
 Cause Fear               Hex            4%           56%         4
 Leda's Liquefaction      Hex/Erth       2%           80%         4


Dungeon Overview and Level Annotations

Branches:
Dungeon (5/15)
 Temple: D:4-7

Altars:


Message History

Hit: f) +2 dagger (drain)
Press: ? - help, Dir - move target, f - you
Okay, then.
Found a stone staircase leading down.
The orc wizard points at itself and mumbles some strange words.
The orc wizard flickers and vanishes!
Deactivating autopickup; reactivate with Ctrl-A.
Found a flail.
Found an encrusted bronze wand.
The orc seems less drained.
You are starting to lose your buoyancy.
Found a robe.
A puff of flame appears from out of thin air!
The puff of flame misses you.
You see here a wand of iceblast (9).
g - a wand of iceblast (9)
You float gracefully downwards.
There is a stone staircase leading down here.
A puff of flame appears from out of thin air!
The puff of flame misses you.
You climb downwards.
Reactivating autopickup.
There is a stone staircase leading up here.
Unknown command.
You start resting.
HP restored.
An ice beast comes into view.
An ice beast is nearby!
An ice beast is nearby!
You hit the ice beast but do no damage. The ice beast hits you.
The ice beast freezes you!
Ouch! That really hurt!
You closely miss the ice beast. The ice beast closely misses you.
You are too injured to fight recklessly!
You hit the ice beast. You drain the ice beast.
The ice beast is moderately wounded.
The ice beast hits you.
* * * LOW HITPOINT WARNING * * *
The ice beast freezes you!
You die...

########
#.....<#
#.######
#@# #Y#
#.# #..
###


You could see an ice beast (drained).

Vanquished Creatures
  2 worms (D:2)
  3 goblins
  6 hobgoblins
  4 jackals (D:2)
  5 kobolds (D:1)
  A quokka (D:2)
  4 bats
  A frilled lizard (D:1)
  A rat (D:2)
27 creatures vanquished.

Notes
Turn   | Place    | Note
-------+----------+-------------------------------------------
     0 | D:1      | dickylongcocking the Human Arcane Marksman began the quest
                  | for the Orb.
     0 | D:1      | Reached XP level 1. HP: 15/15 MP: 2/2
   314 | D:1      | Reached XP level 2. HP: 19/21 MP: 3/3
  1097 | D:2      | Reached XP level 3. HP: 26/26 MP: 4/4
  1451 | D:2      | You fall into a shaft and drop 2 floors!
  1500 | D:5      | Entered Level 5 of the Dungeon
  1592 | D:5      | Noticed an ice beast
  1597 | D:5      | Slain by an ice beast

Illustrated notes

Levels and vault maps discovered:
D:1:      lemuel_arrival_lava_pool, layout_basic
D:2:      layout_rooms
D:4:      layout_rooms
D:5:      layout_basic, minmay_temple_entry_glassed_door,
          hangedman_decor_riveting

Skill      XL: |  1  2  3 |
---------------+----------+-----
Crossbows      | 3 |  3.2
Fighting       | |  1.1
Dodging        | |  2.0
Spellcasting   | |  1.0
Hexes          | |  3.4

Action                   || total
-------------------------++-------
Melee: Dagger            ||    36
 Fire: Hand crossbow     ||    62
  Use: Scroll            ||     2
       Potion            ||     1
Armor: Robe              ||    13
Dodge: Dodged            ||    46

Table legend: (Time is in decaauts)
 A = Elapsed time spent in this place.
 B = Non-inter-level travel time spent in this place.
 C = Inter-level travel time spent in this place.
 D = Time resting spent in this place.
 E = Time spent auto-exploring this place.
 F = Levels seen in this place.
 G = Mean time per level.
                   A        B        C        D        E       F      G
               +--------+--------+--------+--------+--------+-----+--------+
         Total |   1618 |   1578 |     40 |     87 |   1259 |   4 |  404.5 |
       Dungeon |   1618 |   1578 |     40 |     87 |   1259 |   4 |  404.5 |
               +--------+--------+--------+--------+--------+-----+--------+

Top non-repeatable levels by time:
     D:1: 1107 daAuts
     D:2: 365 daAuts
     D:5: 96 daAuts
     D:4: 48 daAuts
